 Dungeon Crawl Stone Soup version 0.26-a0-663-g36e8fdb655 (webtiles) character file.

Game seed: 7872315664103225272

56 somkeydreadnuts the Ruffian (level 3, -4/31 HPs)
             Began as a Deep Dwarf Transmuter on Oct 12, 2020.
             Killed from afar by Sigmund (5 damage)
             ... with a puff of flame
             ... on level 2 of the Dungeon.
             The game lasted 00:06:57 (936 turns).

somkeydreadnuts the Ruffian (Deep Dwarf Transmuter)  Turns: 936, Time: 00:06:58

Health: -4/31      AC:  9    Str: 14    XL:     3   Next: 71%
Magic:  5/5        EV: 11    Int: 13    God:
Gold:   103        SH:  0    Dex: 13    Spells: 2/5 levels left

rFire    . . .     SeeInvis .   i - +0 hand axe (curse)
rCold    . . .     Faith    .   (no shield)
rNeg     . . .     Spirit   .   d - +0 ring mail
rPois    .         Reflect  .   b - +0 helmet (curse)
rElec    .         Harm     .   h - +2 cloak
rCorr    .         Rampage  .   (no gloves)
MR       .....                  (no boots)
Stlth    +.........             (no amulet)
HPRegen  0.00/turn              (no ring)
MPRegen  0.09/turn              (no ring)

@: non-regenerating
A: damage resistance, heal wounds, sense surroundings 1, no regeneration
a: Heal Wounds


You were on level 2 of the Dungeon.
You visited 1 branch of the dungeon, and saw 2 of its levels.

You collected 103 gold pieces.

Inventory:

Hand Weapons
 i - a cursed +0 hand axe (weapon)
Armour
 b - a cursed +0 helmet (worn)
 d - a +0 ring mail (worn)
 h - a +2 cloak (worn)
Scrolls
 a - a scroll of enchant armour {unknown}
 c - a scroll of magic mapping {unknown}
 e - a scroll of identify {unknown}
 f - a scroll of teleportation {unknown}
Potions
 g - 2 potions of resistance {unknown}
 j - a potion of stabbing {unknown}
 k - a potion of mutation {unknown}


   Skills:
 + Level 1.1 Fighting
 + Level 0.8(0.9) Axes
   Level 0.2(0.4) Maces & Flails
 + Level 0.5 Armour
 + Level 2.5 Dodging
 + Level 0.5 Stealth
 + Level 3.3 Unarmed Combat
 + Level 1.8 Spellcasting
 + Level 2.2 Transmutations


You had 2 spell levels left.
You knew the following spells:

 Your Spells              Type           Power        Failure   Level
a - Beastly Appendage     Tmut           #.....       22%         1
b - Wereblood             Tmut           #.......     32%         2

Your spell library contained the following spells:

 Spells                   Type           Power        Failure   Level
 Spider Form              Tmut/Pois      #.........   69%         3
 Ice Form                 Ice/Tmut       #.......     97%         4
 Blade Hands              Tmut           #.........   99%         5


Dungeon Overview and Level Annotations

Branches:
Dungeon (2/15)

Altars:

Annotations:
D:2 Sigmund


Innate Abilities, Weirdness & Mutations

You are resistant to damage.
You can heal yourself by infusing magical energy.
You passively map a small area around you.
You do not regenerate.


Message History

You hit something. Something completely misses you.
You miss something. Something hits you but does no damage.
You closely miss something. Something hits you but does no damage.
You barely miss something. You miss something.
Something hits you but does no damage.
You miss something. Something hits you but does no damage.
You miss something.
You hear some strange, mumbled words.
A magic dart appears from out of thin air!
The magic dart hits you!
* * * LOW HITPOINT WARNING * * *
You closely miss something.
Sigmund appears from thin air!
Reactivating autopickup.
Sigmund hits you with a +0 scythe.
* * * LOW HITPOINT WARNING * * *
You closely miss Sigmund.
Sigmund is almost dead.
Sigmund points at you and mumbles some strange words.
The puff of flame hits you!
You die...

#...######.### #.
, .
#........>...###
*** , .#
....########....##
,.. ...#*
##....### * .# *
####...## ..#.. ,
#.#..#.....# *
#######..#†.......
,
......@....##..###
, ,
*....>..@........#
........##...##.#
* ,
*........##.#.#* #
, ...........#...
* .....##########.
* !.... ,. * *
..... * , *.... ,
, , , ,, ,


You could see Sigmund.

Vanquished Creatures
  A gnoll (D:1)
  An adder zombie (D:2)
  2 dart slugs (D:1)
  3 leopard geckos
  3 giant cockroaches
  2 goblins (D:1)
  6 hobgoblins
  2 jackals (D:1)
  3 kobolds (D:1)
  5 bats
  2 frilled lizards (D:1)
  4 rats (D:1)
34 creatures vanquished.

Notes
Turn   | Place    | Note
-------+----------+-------------------------------------------
     0 | D:1      | somkeydreadnuts the Deep Dwarf Transmuter began the quest
                  | for the Orb.
     0 | D:1      | Reached XP level 1. HP: 16/16 MP: 3/3
   146 | D:1      | Reached XP level 2. HP: 22/24 MP: 4/4
   202 | D:1      | Reached skill level 3 in Unarmed Combat
   551 | D:1      | Reached XP level 3. HP: 26/30 MP: 5/5
   555 | D:1      | Reached skill level 1 in Fighting
   596 | D:1      | Learned a level 2 spell: Wereblood
   901 | D:2      | Noticed Sigmund
   935 | D:2      | HP: 1/31 [Sigmund/+0 scythe (4)]
   936 | D:2      | Killed from afar by Sigmund

Illustrated notes

Levels and vault maps discovered:
D:1:      dpeg_arrival_court, layout_loops_ring, minmay_split_cup_small
D:2:      layout_rooms, lemuel_zombie_altar_kikubaaqudgha, uniq_sigmund

Skill      XL: |  1  2  3 |
---------------+----------+-----
Transmutations | 2 |  2.2
Unarmed Combat | 3 |  3.3
Fighting       | 1 |  1.1
Axes           | |  0.8
Maces & Flails | |  0.2
Armour         | |  0.5
Dodging        | |  2.5
Stealth        | |  0.5
Spellcasting   | |  1.8

Action                   || total
-------------------------++-------
Melee: Unarmed           ||    30
       Punch             ||     3
       Club              ||    51
       Hand axe          ||   115
 Cast: Wereblood         ||     1
 Abil: Heal Wounds       ||     1
Armor: Chain mail        ||     4
       Robe              ||     3
       Ring mail         ||   106
Dodge: Dodged            ||   134

Table legend: (Time is in decaauts)
 A = Elapsed time spent in this place.
 B = Non-inter-level travel time spent in this place.
 C = Inter-level travel time spent in this place.
 D = Time resting spent in this place.
 E = Time spent auto-exploring this place.
 F = Levels seen in this place.
 G = Mean time per level.
                   A        B        C        D        E       F      G
               +--------+--------+--------+--------+--------+-----+--------+
         Total |    980 |    907 |     73 |      0 |    457 |   2 |  490.0 |
       Dungeon |    980 |    907 |     73 |      0 |    457 |   2 |  490.0 |
               +--------+--------+--------+--------+--------+-----+--------+

Top non-repeatable levels by time:
     D:1: 837 daAuts
     D:2: 142 daAuts
